 Dungeon Crawl Stone Soup version 0.22-a0-284-g99d1f74 (webtiles) character file.

1 Klosterheim the Stinger (level 1, -2/15 HPs)
             Began as a Naga Venom Mage on Mar 21, 2018.
             Slain by a leopard gecko (3 damage)
             ... on level 1 of the Dungeon.
             The game lasted 00:00:37 (15 turns).

Klosterheim the Stinger (Naga Venom Mage)             Turns: 15, Time: 00:00:38

Health: -2/15      AC:  1    Str: 10    XL:     1   Next: 20%
Magic:  1/3        EV: 10    Int: 15    God:
Gold:   0          SH:  0    Dex: 11    Spells: 3/4 levels left

rFire    . . .     SeeInvis +   (no weapon)
rCold    . . .     Gourm    .   (no shield)
rNeg     . . .     Faith    .   a - +0 robe
rPois    +         Spirit   .   (no helmet)
rElec    .         Reflect  .   (no cloak)
rCorr    .         Harm     .   (no gloves)
MR       .....                  (no barding)
Stlth    ++........             (no amulet)
HPRegen  0.05/turn              (no ring)
MPRegen  0.08/turn              (no ring)

@: very slightly contaminated, very slow
A: large, see invisible, deformed body, poison resistance, slowness 2, slow
metabolism 1, spit poison 1, AC +0
a: Spit Poison


You were on level 1 of the Dungeon.
You were not hungry.

You visited 1 branch of the dungeon, and saw 1 of its levels.

Inventory:

Armour
 a - a +0 robe (worn)
Comestibles
 c - a ration


   Skills:
 + Level 1.7 Dodging
 + Level 3.0 Stealth
 + Level 2.0 Spellcasting
 + Level 1.0 Conjurations
 + Level 4.0 Poison Magic


You had 3 spell levels left.
You knew the following spells:

 Your Spells              Type           Power        Failure   Level  Hunger
a - Sting                 Conj/Pois      #...         8%          1    #......


Dungeon Overview and Level Annotations

Branches:
Dungeon (1/15)

Altars:


Innate Abilities, Weirdness & Mutations

You cannot wear boots.
Your serpentine skin is tough. (AC +0)
You have supernaturally acute eyesight. (SInv)
Armour fits poorly on your strangely shaped body.
Your system is resistant to poisons. (rPois)
You cover ground very slowly.
You have a slow metabolism.
You can spit poison.


Message History

You closely miss the leopard gecko. The bat hits you but does no damage.
The leopard gecko bites you.
You completely miss the leopard gecko. The leopard gecko bites you.
The hobgoblin barely misses you.
You barely miss the leopard gecko. The leopard gecko closely misses you.
The hobgoblin barely misses you.
You hit the leopard gecko.
The leopard gecko is moderately wounded.
The leopard gecko barely misses you. The hobgoblin barely misses you.
You hit the leopard gecko but do no damage.
The leopard gecko barely misses you. The leopard gecko closely misses you.
You barely miss the leopard gecko. The bat barely misses you.
The leopard gecko bites you but does no damage.
The hobgoblin hits you with a club.
* * * LOW HITPOINT WARNING * * *
You completely miss the leopard gecko. The bat hits you but does no damage.
The bat closely misses you. The leopard gecko closely misses you.
You closely miss the leopard gecko. The bat barely misses you.
The hobgoblin barely misses you. The leopard gecko bites you.
You die...

#.##.......#####
##...............
..≈≈≈≈§≈≈≈≈≈%...
#≈8≈≈≈≈≈≈8≈....
#≈≈8≈≈≈≈8†≈....
#≈≈≈####≈≈≈....
#≈≈≈#gb'≈≈≈....
#≈≈≈#@lg≈§≈....
#§≈≈####≈§≈....
#≈≈8≈≈≈≈8§≈.§..
#≈8≈≈≈≈≈≈8§.§.?
#≈≈≈≈≈≈≈≈≈≈..##
r..?........###
#############


You could see a leopard gecko, 2 hobgoblins and a bat.

Vanquished Creatures
  A goblin (D:1)
1 creature vanquished.

Notes
Turn   | Place    | Note
-------+----------+-------------------------------------------
     0 | D:1      | Klosterheim the Naga Venom Mage began the quest for the Orb.
     0 | D:1      | Reached XP level 1. HP: 15/15 MP: 3/3
    15 | D:1      | Slain by a leopard gecko

Vault maps used:
D:1:      lightli_arrival_boilingwater, item_on_display_b

Action                   || total
-------------------------++-------
Melee: Unarmed           ||     8
 Cast: Sting             ||     2
Armor: Robe              ||     3
Dodge: Dodged            ||    13

Table legend:
 A = Spawn XP
 B = Non-spawn XP
 C = Spawn XP percentage of total XP
 D = Spawn monster count
 E = Non-spawn monster count
 F = Spawn count percentage of total count
 G = Total turns spent on level
                    A         B        C        D         E        F      G
               +---------+---------+-------+---------+---------+-------+---------
         Total |       0 |       2 |   0.0 |       0 |       1 |   0.0 |    15
               +---------+---------+-------+---------+---------+-------+---------
           D:1 |       0 |       2 |   0.0 |       0 |       1 |   0.0 |    15
               +---------+---------+-------+---------+---------+-------+---------
